 Dungeon Crawl Stone Soup version 0.30.0-29-ga12c61a403 (webtiles) character file.

Game seed: 10871998264030146999

80189 croobank the Unforgettable (level 15, -5/103 HPs)
             Began as a Demonspawn Conjurer on June 16, 2023.
             Was the Champion of Hepliaklqana.
             Succumbed to a death drake's dark miasma
             ... on level 3 of the Abyss.
             The game lasted 02:02:42 (22162 turns).

croobank the Unforgettable (Demonspawn Conjurer)   Turns: 22162, Time: 02:02:44

Health: -5/103     AC: 28    Str:  8    XL:     15   Next: 23%
Magic:  28/28      EV: 13    Int: 33    God:    Hepliaklqana [******]
Gold:   2365       SH:  4    Dex: 11    Spells: 4/33 levels left

rFire   . . .        Y - +4 scimitar (flame)
rCold   . . .        (no shield)
rNeg    . . .        M - +4 troll leather armour
rPois   .            p - +2 hat
rElec   .            L - +2 cloak {rCorr}
rCorr   +            (no gloves)
SInv    +            c - +1 pair of boots of the Planets {Fly Regen+}
Will    +....        A - amulet of magic regeneration
Stlth   +++          h - +6 ring of intelligence
HPRegen 1.97/turn    m - ring of see invisible
MPRegen 0.61/turn

%: no passive effects
@: lethally poisoned (-5 -> -49), sanguine armoured, flying, hasted and slowed
A: reduced essence, claws 2, powered by death 1, sanguine armour 3, condensation
shield, bedeviling, subdued magic 1
a: Renounce Religion, Recall Ancestor, Ancestor Identity, Transference, Idealise


You were on level 3 of the Abyss.
You worshipped Hepliaklqana.
Hepliaklqana was exalted by your worship.
You visited 3 branches of the dungeon, and saw 22 of its levels.
You visited the Abyss 1 time.
You also visited: Bailey and Gauntlet.

You collected 2750 gold pieces.
You spent 385 gold pieces at shops.

Inventory:

Hand Weapons
 a - the +1 broad axe of Change {pain, rC+ Int+6}
   (You found it on level 2 of the Dungeon)

   Int:       It affects your intelligence (+6).
   rC:        It protects you from cold.
 b - the +8 sling of Unnein {heavy, Str-4 Int+9}
   (You found it on level 2 of the Dungeon)

   Str:       It affects your strength (-4).
   Int:       It affects your intelligence (+9).
 N - a +1 antimagic spear
 Y - a +4 scimitar of flaming (weapon)
Missiles
 t - 25 javelins
Armour
 c - the +1 pair of boots of the Planets (worn) {Fly Regen+}
   (You found it in a Gauntlet)

   Fly:       It grants you flight.
   Regen:     It increases your rate of health regeneration.
 j - a +3 leather armour of cold resistance
 p - a +2 hat (worn)
 L - a +2 cloak of preservation (worn)
 M - a +4 troll leather armour (worn)
Magical Staves
 s - a staff of fire
Jewellery
 h - a +6 ring of intelligence (left claw)
 m - a ring of see invisible (right claw)
 n - a +6 ring of strength
 x - a ring of protection from cold
 A - an amulet of magic regeneration (around neck)
 E - a +4 ring of protection
 F - a ring of protection from fire
 P - a +6 ring of intelligence
 R - a ring of positive energy
 W - a ring of ice
 X - the ring "Umimel" {Str+6 Int+5}
   (You took it off a minotaur in a Gauntlet)

   [ring of strength]

   Str:       It affects your strength (+6).
   Int:       It affects your intelligence (+5).
Wands
 d - a wand of digging (14)
 r - a wand of quicksilver (11)
 C - a wand of mindburst (28)
 G - a wand of flame (26)
 S - a wand of paralysis (17)
 T - a wand of iceblast (14)
Scrolls
 g - 2 scrolls of fog
 i - 4 scrolls of fear
 k - 7 scrolls of immolation
 q - 3 scrolls of teleportation
 y - 5 scrolls of vulnerability
 H - a scroll of amnesia
 I - a scroll of butterflies
 V - 2 scrolls of magic mapping
 Z - 8 scrolls of identify
Potions
 e - 7 potions of curing
 f - 2 potions of might
 l - 12 potions of mutation
 o - 4 potions of brilliance
 u - a potion of attraction
 v - 7 potions of heal wounds
 w - 8 potions of haste
 z - a potion of berserk rage
 B - 4 potions of magic
 D - a potion of invisibility
 J - 2 potions of cancellation
 K - a potion of resistance
 O - 4 potions of lignification
 U - 5 potions of flight
Miscellaneous
 Q - a condenser vane


   Skills:
 - Level 10.0 Fighting
 - Level 8.5 Axes
 - Level 5.0 Armour
 - Level 7.4 Dodging
 - Level 7.9 Stealth
 - Level 9.5 Spellcasting
 - Level 11.1 Conjurations
 - Level 10.0 Hexes
 + Level 3.1 Necromancy
 - Level 1.2 Translocations
 - Level 5.9 Transmutations
 - Level 12.0 Invocations


You had 4 spell levels left.
You knew the following spells:

 Your Spells              Type           Power      Damage    Failure   Level
a - Magic Dart            Conj           100%       1d8       1%          1
b - Searing Ray           Conj           100%       2d8       1%          2
c - Dazzling Flash        Conj/Hex       100%       N/A       1%          3
d - Iskenderun's Mystic   Conj/Tloc      43%        2d10      2%          4
e - Confusing Touch       Hex            76%        N/A       1%          3
f - Inner Flame           Hex/Fire       54%        N/A       1%          3
g - Fulminant Prism       Conj/Hex       39%        3d18      1%          4
h - Irradiate             Conj/Tmut      26%        3d20      2%          5
i - Dispel Undead         Necr           28%        3d13      9%          4

Your spell library contained the following spells:

 Spells                   Type           Power      Damage    Failure   Level
 Kiss of Death            Conj/Necr      100%       2d13      1%          1
 Sublimation of Blood     Necr           28%        N/A       1%          2
 Portal Projectile        Hex/Tloc       100%       N/A       1%          3
 Tukima's Dance           Hex            76%        N/A       1%          3
 Flame Wave               Conj/Fire      40%        2d11      3%          4
 Sticky Flame             Conj/Fire      40%        2d6       3%          4
 Volatile Blastmotes      Fire/Tloc      30%        2d12      8%          3
 Petrify                  Tmut/Erth      27%        N/A       10%         4
 Blade Hands              Tmut           21%        N/A       8%          5
 Lee's Rapid Deconstruct  Erth           6%         3d6*      71%         5


Dungeon Overview and Level Annotations

Branches:
Dungeon (15/15)            Temple (0/1) D:6            Lair (5/5) D:9
  Swamp (0/4) Lair:2        Snake (0/4) Lair:3        Slime (0/5) Lair:5
    Orc (2/2) D:10            Elf (0/3) Orc:2        Vaults (0/5) D:13
 Depths (0/4) D:15         Bailey (visited)         Gauntlet (visited)

Altars:
Ashenzari
Hepliaklqana
Kikubaaqudgha
Nemelex Xobeh
Ru
Sif Muna
Uskayaw
Jiyva

Shops:
D:1 ?   D:10 (   Orc:2 ****!

Annotations:
D:12 3 runed translucent doors, turdburglar's ghost, journeyman TrFi
Lair:4 2 runed translucent doors, Puaqeyn's ghost, journeyman MiFi


Innate Abilities, Weirdness & Mutations

Your life essence is reduced to manifest your ancestor. (-10% HP)
You have very sharp fingernails.
You regenerate a little health from kills.
When seriously injured, your blood forms very thick armour. (AC +12)
A meltable shield of frost defends you. (SH +4)
Your hexes are more powerful.
Your spells are a little easier to cast, but a little less powerful.


Message History

A small abomination comes into view.
A death drake comes into view.
Found a gateway leading deeper into the Abyss.
The death drake hisses angrily.
The death drake breathes miasma at you. The foul vapour engulfs you!
You are poisoned.
You feel yourself slow down.
You are engulfed in dark miasma.
You are more poisoned.
You feel extremely sick. The death drake completely misses you.
You feel extremely sick.
The death drake bites you but does no damage.
A neqoxec comes into view.
The death drake completely misses you.
The death drake attacks as you move away!
The death drake bites you but does no damage.
Your blood congeals into armour.
You feel very sick. The death drake breathes miasma at you.
The foul vapour engulfs you but does no damage.
You are engulfed in dark miasma.
You are more poisoned.
You feel as though you will be slow longer.
You feel extremely sick.
A wretched star comes into view.
You feel extremely sick.
You feel extremely sick. The death drake breathes miasma at you.
The foul vapour engulfs you but does no damage.
You are engulfed in dark miasma.
You are more poisoned.
* * * LOW HITPOINT WARNING * * *
x2 You feel extremely sick.
There is a gateway leading deeper into the Abyss here.
You are engulfed in dark miasma.
You are more poisoned.
* * * LOW HITPOINT WARNING * * *
You die...

.. # #. ..# ### #.
#. .. #... #. #.
.##... .. .#. #.
####..#.## . .#.
#.##..~.....### ..
. .##.#..°°#......
#. #
##.#.'...°°#.3# ##
.##.○##.X.°k○@..#
..
..X...X....°#°###
. ...........°.#.#
## X# ..##.....#.#
#..##..##.....#.#
X... .........##.#
...............#.#
##..## .##. ...'.#
##..##..# .....##


You could see a tentacled starspawn, a death drake (catching breath), a large
abomination and a neqoxec (wandering).

Vanquished Creatures
  Nessos (Orc:1)
  3 hydras
  An ogre mage (D:13)
  A catoblepas (Lair:5)
  2 two-headed ogres (D:13)
  2 centaur warriors
  2 boulder beetles
  6 death yaks
  A skeletal warrior (D:15)
  3 orc knights
  An orc sorcerer (Orc:2)
  A tengu zombie (D:15)
  4 ugly things (D:14)
  2 deep elf pyromancers
  2 manticores (Lair:5)
  2 elephants (Lair:5)
  A black mamba (Lair:2)
  5 cane toads
  2 gargoyles
  An unseen horror (D:11)
  A freezing wraith (D:15)
  An efreet (D:13)
  2 komodo dragons (Lair:1)
  A kobold demonologist (D:12)
  A minotaur zombie (Gauntlet)
  An ice devil (Gauntlet)
  A polar bear (Lair:5)
  2 meliai (D:13)
  3 trolls
  Prince Ribbit (D:7)
  11 blink frogs
  2 slime creatures (D:13)
  2 dream sheep (Lair:1)
  2 centaur simulacra (D:11)
  A shadow (D:13)
  2 vampires (D:13)
  A yak (shapeshifter) (D:14)
  A wyvern (Lair:1)
  34 yaks
  2 steam dragons
  A basilisk (Lair:5)
  A neqoxec (Gauntlet)
  A vampire mosquito (D:12)
  2 wargs
  7 water moccasins
  The ghost of Fractals the Trooper, an amateur OgHu (D:3)
  14 orc warriors
  A black bear (Lair:2)
  An ice beast (D:6)
  A sky beast (D:7)
  6 ogres
  2 wolves (D:9)
  12 centaurs
  2 kobold brigands
  3 scorpions
  5 bullfrogs
  3 electric eels
  2 lava snakes (Lair:4)
  A crimson imp (Gauntlet)
  2 hounds
  2 gnoll boudas
  A jelly (D:5)
  3 orc priests
  A sleepcap (D:5)
  7 orc wizards
  Natasha (D:3)
  4 iguanas
  5 adders
  19 gnolls
  A shadow imp (D:7)
  6 white imps
  An ufetubus (D:11)
  7 worms
  5 dart slugs
  55 orcs
  4 bats
  8 endoplasms
  3 giant cockroaches
  16 goblins
  6 hobgoblins
  7 jackals (D:1)
  2 quokkas
  5 ball pythons
  5 frilled lizards
  20 kobolds
  5 rats
382 creatures vanquished.

Vanquished Creatures (collateral kills)
  2 minotaurs
  A hydra (Lair:3)
  2 centaur warriors
  2 catoblepae (Lair:5)
  A spriggan skeleton (D:15)
  A boulder beetle (Lair:1)
  8 death yaks
  A skyshark (Lair:2)
  Lodul (D:12)
  A swamp dragon (Lair:2)
  A skeletal warrior (D:15)
  A phantasmal warrior (D:15)
  A necromancer (D:15)
  An orc knight (Orc:2)
  4 ugly things (D:14)
  A deep elf pyromancer (D:15)
  A stone giant zombie (D:15)
  3 cyclopes
  6 elephants (Lair:5)
  A black mamba (Lair:4)
  2 molten gargoyles (Lair:4)
  Joseph (D:9)
  A gargoyle (D:12)
  6 cane toads
  A smoke demon (Gauntlet)
  2 komodo dragons
  2 rime drakes
  4 trolls
  A polar bear (Lair:4)
  A meliai (D:13)
  A hornet (D:9)
  16 blink frogs
  An ettin zombie (D:15)
  3 dream sheep
  6 slime creatures
  3 shadows
  2 wraiths (D:13)
  7 wyverns
  23 yaks
  2 vampire mosquitoes (D:12)
  2 wargs
  An acid dragon (D:12)
  11 water moccasins
  13 orc warriors
  4 ice beasts
  3 black bears
  A sky beast (D:8)
  10 centaurs
  6 ogres
  2 wolves (D:9)
  2 kobold brigands
  7 bullfrogs
  2 gnoll sergeants
  3 scorpions
  An electric eel (Lair:4)
  2 howler monkeys (D:8)
  3 lava snakes (Lair:4)
  3 crimson imps (Gauntlet)
  A gnoll bouda (D:10)
  5 orc priests
  2 iguanas
  Natasha (twice) (D:3)
  10 orc wizards
  Terence (D:3)
  15 gnolls
  2 adders
  2 white imps (D:11)
  An ufetubus (D:7)
  A worm (D:2)
  21 orcs
  A bat (D:3)
  A giant cockroach (D:1)
  2 goblins
  A hobgoblin (D:3)
  A jackal (D:1)
  2 quokkas (D:3)
  10 kobolds
282 creatures vanquished.

Vanquished Creatures (others)
  A kobold brigand (D:9)
  22 battlemagi
  6 fulminant prisms
  4 starspawn tentacles (Abyss:3)
33 creatures vanquished.

Grand Total: 697 creatures vanquished

Notes
Turn   | Place    | Note
-------+----------+-------------------------------------------
     0 | D:1      | croobank the Demonspawn Conjurer began the quest for the
                  | Orb.
     0 | D:1      | Reached XP level 1. HP: 13/13 MP: 3/3
   114 | D:1      | Gained mutation: When seriously injured, your blood forms
                  | armour. (AC +12) [demonic ancestry]
   114 | D:1      | Reached XP level 2. HP: 19/19 MP: 3/5
   139 | D:1      | Learned a level 2 spell: Searing Ray
   348 | D:1      | Found Ucloich's Magic Scroll Shoppe.
   357 | D:1      | Gained mutation: You have sharp fingernails. [demonic
                  | ancestry]
   357 | D:1      | Reached XP level 3. HP: 24/24 MP: 1/6
   596 | D:1      | Found a faded altar of an unknown god.
   714 | D:1      | Prayed at the altar of an unknown god.
   714 | D:1      | Became a worshipper of Hepliaklqana the Forgotten
   714 | D:1      | Reached * piety under Hepliaklqana
  1159 | D:2      | Identified the +8 sling of Unnein {heavy, Str-4 Int+9}
  1301 | D:2      | Identified the +1 broad axe of Change {pain, rC+ Int+6}
  1423 | D:2      | Reached XP level 4. HP: 25/27 MP: 7/7
  1432 | D:2      | You fall into a shaft and drop 1 floor!
  1475 | D:2      | Reached skill level 1 in Axes
  1939 | D:3      | Noticed Terence
  1945 | D:3      | Killed Terence
  1970 | D:3      | Reached ** piety under Hepliaklqana
  1971 | D:3      | Remembered your ancestor Laslo as a battlemage
  2075 | D:3      | Noticed Natasha
  2077 | D:3      | Killed Natasha
  2078 | D:3      | Reached XP level 5. HP: 32/32 MP: 8/8
  2082 | D:3      | Noticed Natasha
  2084 | D:3      | Killed Natasha
  2321 | D:3      | Found a runed translucent gate.
  2322 | D:3      | Noticed an ogre
  2325 | D:3      | Killed an ogre
  2335 | D:3      | Reached XP level 6. HP: 37/37 MP: 9/9
  2465 | D:3      | Found a runed translucent gate.
  2466 | D:3      | Found a runed translucent gate.
  2466 | D:3      | Noticed Fractals's ghost (amateur OgHu)
  2559 | D:3      | Noticed Natasha
  2564 | D:3      | Killed Natasha
  2694 | D:3      | Learned a level 3 spell: Dazzling Flash
  2833 | D:4      | Reached *** piety under Hepliaklqana
  3428 | D:5      | Entered Level 5 of the Dungeon
  3449 | D:5      | Noticed an ice beast
  3453 | D:5      | Killed an ice beast
  3454 | D:5      | Reached skill level 5 in Axes
  3454 | D:5      | Reached skill level 1 in Armour
  3490 | D:5      | Found an ancient bone altar of Kikubaaqudgha.
  3497 | D:5      | Gained mutation: You have very sharp fingernails. [demonic
                  | ancestry]
  3497 | D:5      | Reached XP level 7. HP: 29/42 MP: 10/10
  3757 | D:5      | Reached skill level 5 in Armour
  3794 | D:5      | Reached skill level 1 in Fighting
  3797 | D:5      | Gained mutation: When seriously injured, your blood forms
                  | thick armour. (AC +12) [demonic ancestry]
  3797 | D:5      | Reached XP level 8. HP: 48/48 MP: 3/12
  3798 | D:5      | Reached skill level 1 in Hexes
  4337 | D:6      | Reached skill level 5 in Conjurations
  4534 | D:6      | Found a shimmering blue altar of Sif Muna.
  4615 | D:6      | Found a sacrificial altar of Ru.
  4645 | D:6      | Reached **** piety under Hepliaklqana
  4686 | D:6      | Identified the +6 bardiche of the Dark Horse {pain, Str+3
                  | Dex+3}
  5022 | D:6      | Found a staircase to the Ecumenical Temple.
  5198 | D:7      | Gained mutation: A meltable shield of frost defends you.
                  | (SH +4) [demonic ancestry]
  5198 | D:7      | Reached XP level 9. HP: 57/57 MP: 15/15
  5319 | D:7      | Noticed Prince Ribbit
  5326 | D:7      | Killed Prince Ribbit
  5368 | D:7      | Found a flagged portal.
  5390 | Bailey   | Entered a bailey
  5706 | Bailey   | Noticed an orc knight
  5709 | Bailey   | Killed an orc knight
  5902 | D:7      | Reached skill level 5 in Spellcasting
  6141 | D:8      | Noticed a troll
  6144 | D:8      | Killed a troll
  6193 | D:8      | Learned a level 4 spell: Iskenderun's Mystic Blast
  6201 | D:8      | Gained mutation: When seriously injured, your blood forms
                  | very thick armour. (AC +12) [demonic ancestry]
  6201 | D:8      | Reached XP level 10. HP: 65/65 MP: 17/17
  6204 | D:8      | Reached skill level 5 in Fighting
  6204 | D:8      | Reached skill level 5 in Hexes
  6660 | D:8      | Found a sparkling altar of Nemelex Xobeh.
  7219 | D:9      | Found a staircase to the Lair.
  7352 | D:9      | Noticed Joseph
  7361 | D:9      | Killed Joseph
  7399 | D:9      | Found a transporter.
  7496 | D:9      | Found a transporter.
  7496 | D:9      | Noticed a boulder beetle
  7802 | D:10     | Entered Level 10 of the Dungeon
  7802 | D:10     | Found Fobyuplu's Weapon Shoppe.
  7802 | D:10     | Found a staircase to the Orcish Mines.
  7805 | D:9      | Acquired the scarf of the Ten Stories {shadows, rCorr Int+3
                  | Dex+4 Slay-6}
  8518 | D:10     | Reached ***** piety under Hepliaklqana
  8704 | D:10     | Found a hide-covered altar of Uskayaw.
  8718 | D:10     | Gained mutation: You regenerate a little health from kills.
                  | [demonic ancestry]
  8718 | D:10     | Reached XP level 11. HP: 72/72 MP: 15/20
 10019 | D:12     | Noticed Lodul
 10046 | D:12     | Killed Lodul
 10167 | D:12     | Reached skill level 1 in Invocations
 10206 | D:12     | Noticed turdburglar's ghost (journeyman TrFi)
 10207 | D:12     | Found a runed translucent gate.
 10208 | D:12     | Found a runed translucent gate.
 10209 | D:12     | Found a runed translucent gate.
 10248 | D:12     | Found a gate leading to a gauntlet.
 10256 | Gauntlet | Entered a Gauntlet
 10256 | Gauntlet | Found a transporter.
 10256 | Gauntlet | Found a transporter.
 10257 | Gauntlet | Noticed a catoblepas
 10263 | Gauntlet | Noticed a death scarab
 10292 | Gauntlet | Found a transporter.
 10304 | Gauntlet | Found a transporter.
 10322 | Gauntlet | Found a transporter.
 10322 | Gauntlet | Found a transporter.
 10322 | Gauntlet | Found a transporter.
 10324 | Gauntlet | Found a transporter.
 10326 | Gauntlet | Found a transporter.
 10391 | Gauntlet | Found a transporter.
 10401 | Gauntlet | Found a transporter.
 10414 | Gauntlet | Found a runed translucent gate.
 10414 | Gauntlet | Found a runed translucent gate.
 10414 | Gauntlet | Found a runed translucent gate.
 10414 | Gauntlet | Noticed a balrug
 10416 | Gauntlet | Found a transporter.
 10432 | Gauntlet | Found a transporter.
 10441 | Gauntlet | Found a runed translucent door.
 10442 | Gauntlet | Found a transporter.
 10443 | Gauntlet | Found a runed translucent door.
 10566 | Gauntlet | Learned a level 3 spell: Confusing Touch
 10569 | Gauntlet | Reached skill level 2 in Invocations
 10592 | Gauntlet | Identified the +1 pair of boots of the Planets {Fly Regen+}
 10765 | Gauntlet | Identified the ring "Umimel" {Str+6 Int+5}
 10765 | Gauntlet | Noticed a minotaur
 10814 | Gauntlet | Killed a minotaur
 10815 | Gauntlet | Reached skill level 3 in Invocations
 11460 | D:12     | Reached skill level 4 in Invocations
 12019 | D:13     | Noticed a deep elf pyromancer
 12020 | D:13     | Noticed a centaur warrior
 12149 | Lair:1   | Entered Level 1 of the Lair of Beasts
 12163 | D:9      | Reached XP level 12. HP: 80/81 MP: 19/22
 12184 | Lair:1   | Reached skill level 5 in Invocations
 12692 | Lair:1   | Reached skill level 6 in Invocations
 13070 | Lair:2   | Reached skill level 5 in Stealth
 13087 | Lair:2   | You are sucked into a shaft and drop 2 floors!
 13162 | Lair:4   | Reached skill level 7 in Invocations
 13441 | Lair:3   | Noticed an eight-headed hydra
 13441 | Lair:3   | Noticed a death yak
 13441 | Lair:3   | Noticed a death yak
 13441 | Lair:3   | Noticed a death yak
 13441 | Lair:3   | Noticed a death yak
 13450 | Lair:4   | Killed a death yak
 13451 | Lair:4   | Reached skill level 5 in Dodging
 13472 | Lair:4   | Reached skill level 8 in Invocations
 13490 | Lair:4   | Reached ****** piety under Hepliaklqana
 13491 | Lair:4   | Noticed a four-headed hydra
 13501 | Lair:4   | Killed a four-headed hydra
 13910 | Lair:4   | Found a large runed translucent door.
 13911 | Lair:4   | Found a large runed translucent door.
 14289 | Lair:4   | Noticed Puaqeyn's ghost (journeyman MiFi)
 14323 | Lair:5   | Entered Level 5 of the Lair of Beasts
 14356 | Lair:5   | Gained mutation: Your hexes are more powerful. [demonic
                  | ancestry]
 14356 | Lair:5   | Reached XP level 13. HP: 62/89 MP: 25/25
 14628 | Lair:3   | Reached skill level 9 in Invocations
 14778 | Lair:2   | Found a staircase to the Swamp.
 15031 | Lair:2   | Reached skill level 10 in Invocations
 15150 | Lair:1   | Learned a level 3 spell: Inner Flame
 15155 | Lair:1   | Learned a level 4 spell: Fulminant Prism
 15219 | Lair:1   | Reached skill level 10 in Conjurations
 15575 | Lair:2   | Learned a level 5 spell: Irradiate
 15582 | Lair:2   | Identified the +1 chain mail of Inference {Will+ MP+9 Str-3
                  | SInv}
 15728 | Lair:2   | Found a runed translucent door.
 15763 | Lair:2   | Noticed a minotaur
 15773 | Lair:2   | Killed a minotaur
 16156 | Lair:3   | Reached skill level 1 in Transmutations
 16164 | Lair:3   | Found a staircase to the Snake Pit.
 17003 | Lair:5   | Found a staircase to the Slime Pits.
 17003 | Lair:5   | Found a viscous altar of Jiyva.
 17310 | Lair:5   | Reached XP level 14. HP: 44/97 MP: 22/26
 17848 | Lair:5   | Reached skill level 11 in Invocations
 18539 | D:3      | Killed Fractals's ghost
 18787 | Orc:1    | Entered Level 1 of the Orcish Mines
 19023 | Orc:2    | Entered Level 2 of the Orcish Mines
 19023 | Orc:2    | Found a staircase to the Elven Halls.
 19066 | Orc:2    | Noticed Nessos
 19121 | Orc:1    | Killed Nessos
 19217 | Orc:2    | Found Osiphal's General Store.
 19217 | Orc:2    | Found Gafriol's General Store.
 19249 | Orc:2    | Found Zamaneb's Assorted Antiques.
 19251 | Orc:2    | Found Qaoseleh's General Store.
 19256 | Orc:2    | Bought a scroll of magic mapping for 97 gold pieces
 19256 | Orc:2    | Bought a scroll of magic mapping for 97 gold pieces
 19260 | Orc:2    | Bought a potion of curing for 39 gold pieces
 19260 | Orc:2    | Bought a potion of curing for 39 gold pieces
 19265 | Orc:2    | Bought a scroll of immolation for 48 gold pieces
 19498 | Orc:2    | Found Wopa's Distillery.
 19507 | Orc:2    | Bought a potion of berserk rage for 65 gold pieces
 20333 | D:13     | Reached skill level 5 in Transmutations
 20433 | D:13     | Found a gate to the Vaults.
 20895 | D:14     | Reached XP level 15. HP: 67/103 MP: 17/28
 21005 | D:14     | Reached skill level 10 in Hexes
 21006 | D:14     | Reached skill level 10 in Fighting
 21077 | D:14     | Found a broken altar of Ashenzari.
 21602 | D:15     | Entered Level 15 of the Dungeon
 21629 | D:15     | Gained mutation: Your spells are a little easier to cast,
                  | but a little less powerful. [mutagenic glow]
 21723 | D:15     | Reached skill level 1 in Translocations
 21723 | D:15     | Reached skill level 12 in Invocations
 21839 | D:15     | Learned a level 4 spell: Dispel Undead
 21976 | D:15     | Reached skill level 1 in Necromancy
 21985 | D:15     | Found a staircase to the Depths.
 22111 | Abyss:3  | Found a corrupted altar of Lugonu.
 22111 | Abyss:3  | Cast into level 3 of the Abyss (a wizard)
 22117 | Abyss:3  | Found a corrupted altar of Lugonu.
 22132 | Abyss:3  | Noticed a tentacled starspawn
 22162 | Abyss:3  | Succumbed to a death drake's dark miasma

Illustrated notes

Levels and vault maps discovered:
D:1:      dpeg_arrival_lava_temple_mockup, layout_basic,
          hellmonk_ecumenical_altar_blasted, serial_shops,
          nicolae_shop_advertising_works [nicolae_subvault_shop_adworks]
D:2:      wad_lake_hut, layout_rooms, minmay_misc_feat_columns,
          nicolae_wormholes
D:3:      layout_basic, nicolae_tso_carved_into_rock, gammafunk_ghost_split,
          uniq_terence, uniq_natasha
D:4:      layout_basic
D:5:      layout_basic, kiku_gazebo_garden_becter, minmay_misc_feat_cross,
          minmay_ogre_servants
D:6:      layout_loops_ring, mainiacjoe_overflow_catwalk_spiral,
          minmay_temple_entry_junction
D:7:      layout_rooms, enter_bailey_5, uniq_prince_ribbit1
D:8:      layout_basic, chequers_jeans, kennysheep_diamond
D:9:      gammafunk_boulding_lane, layout_loops_ring,
          due_lair_maze_entry_diamond, uniq_joseph
D:10:     layout_loops_ring, mainiacjoe_overflow_alcove_2, orc_david_3,
          minmay_crystal_room
D:11:     layout_basic, serial_ice, serial_ice_f, serial_ice_e, serial_ice_c,
          serial_ice_g, serial_bayou_pond_c
D:12:     layout_stronghold, biasface_ghost_orc_armoury, gauntlet_entry_generic,
          kennysheep_cross_room, uniq_lodul
D:13:     layout_rooms, david_vaults_2
D:14:     layout_loops_ring, minmay_misc_feat_four_crosses,
          cheibrodos_ashenzari_chains
D:15:     gammafunk_depths_entry_grave, layout_stronghold,
          nicolae_hepliaklqana_hazy_memory, nicolae_wwwww
Lair:1:   layout_long_grid
Lair:2:   dreamdust_labyrinth, layout_misc_corridors,
          minmay_swamp_entry_reptiles
Lair:3:   layout_long_grid, dummy_snake_entry, minivault_25, st_stairs_8,
          grunt_megastairs_4
Lair:4:   cheibrodos_magma_flow, layout_long_grid, ebering_ghost_disaster_area,
          serial_bayou_ford_a, st_stairs_5, dreamdust_deal_with_the_devil,
          infiniplex_staircase_pool_2, lemuel_fruit_fields
Lair:5:   evilmike_catoblepas_cave, layout_cave_pods, slime_entry_1
Orc:1:    layout_caves
Orc:2:    st_orc_rangers, layout_caves, serial_shops, shop, uniq_nessos
Abyss:3:  base: D:11, hangedman_decor_lopped, hangedman_abyss_or_decor_slice

Skill      XL: |  1  2  3  4  5  6  7  8  9 10 11 12 13 14 15 |
---------------+----------------------------------------------+-----
Dodging        | 2 4 5 6 7 |  7.4
Stealth        | 2 4 5 6 7 |  7.9
Axes           | 2 4 5 6 8 |  8.5
Armour         | 2 5 |  5.0
Fighting       | 1 3 4 6 7 8 9 10 | 10.0
Hexes          | 3 4 6 7 8 9 10 | 10.0
Spellcasting   | 4 5 6 7 8 9 |  9.5
Conjurations   | 5 6 7 8 9 10 11 | 11.1
Invocations    | 4 8 10 11 12 | 12.0
Transmutations | 2 5 |  5.9
Translocations | 1 |  1.2
Necromancy     | 3 |  3.1

Action                     |  1- 3 |  4- 6 |  7- 9 | 10-12 | 13-15 || total
---------------------------+-------+-------+-------+-------+-------++-------
  Melee: Dagger            |    22 |       |       |       |       ||    22
         Punch             |     1 |       |       |    14 |     8 ||    23
         Broad axe         |       |     3 |    19 |   469 |   287 ||   778
         Staff             |       |       |       |    20 |     6 ||    26
         Scimitar          |       |       |       |       |    89 ||    89
   Fire: Sling             |    26 |    80 |   135 |    75 |       ||   316
   Cast: Magic Dart        |    27 |       |     3 |    47 |    89 ||   166
         Searing Ray       |     5 |       |     9 |    36 |    82 ||   132
         Dazzling Flash    |       |       |       |     7 |     2 ||     9
         Iskenderun's Myst |       |       |       |    11 |    51 ||    62
         Confusing Touch   |       |       |       |     6 |    12 ||    18
         Fulminant Prism   |       |       |       |       |     6 ||     6
         Inner Flame       |       |       |       |       |     1 ||     1
         Irradiate         |       |       |       |       |    30 ||    30
         Dispel Undead     |       |       |       |       |     6 ||     6
 Invoke: Ancestor Identity |     1 |       |       |       |       ||     1
         Ancestor Life: Ba |       |     1 |       |       |       ||     1
         Recall Ancestor   |       |       |       |     3 |     4 ||     7
  Evoke: Condenser vane    |       |       |       |     1 |       ||     1
         Wand              |       |       |       |     1 |       ||     1
    Use: Potion            |     1 |       |       |     5 |     7 ||    13
         Scroll            |       |    14 |     6 |    16 |     7 ||    43
   Stab: Sleeping          |     1 |       |     1 |       |     6 ||     8
         Invisible         |       |       |       |     5 |     1 ||     6
         Confused          |       |       |       |     3 |     2 ||     5
         Distracted        |       |       |       |     6 |     4 ||    10
         Petrified         |       |       |       |       |     5 ||     5
 Armour: Robe              |    14 |     2 |    13 |       |       ||    29
         Steam dragon scal |       |       |    15 |       |       ||    15
         Troll leather arm |       |       |       |   303 |   310 ||   613
  Dodge: Dodged            |    32 |    12 |    70 |   454 |   407 ||   975
  Block: Other             |       |       |    10 |   139 |   103 ||   252
